Map: Eternal Empire LE

Players

LiquidMaNa (MaNa) - Winner!

  • Race: Protoss Protoss
  • League: Grandmaster
  • Spawn Location: 1:00

ShoWTimE

  • Race: Protoss Protoss
  • League: Master
  • Spawn Location: 7:00

Event: StayAtHomestory Cup #1

VOD

Have the link to the VOD?

Description

Time

  • Played on: April 10, 2020, 7:17 a.m.
  • Length: 12:25

All games in this series

Show
View Real Time Build Order
Export as new Build Order

LiquidMaNa Protoss - Winner!

Build Orders: Phoenix Opening, Archon Immortal 

Get SALT Encoding   

  12  0:00  Probe  
  13  0:12  Probe  
  14  0:18  Pylon  
  14  0:24  Probe (Chrono Boost)  
  15  0:37  Probe (Chrono Boost), Gateway  
  16  0:45  Probe (Chrono Boost)  
  16  0:47  Assimilator  
  17  0:51  Probe  
  17  0:54  Assimilator  
  18  1:03  Probe (Chrono Boost)  
  19  1:08  Gateway  
  19  1:12  Probe (Chrono Boost)  
  19  1:17  Probe (Chrono Boost)  
  20  1:24  Cybernetics Core  
  21  1:29  Probe  
  22  1:33  Pylon  
  22  1:41  Probe  
  23  1:54  Probe  
  24  2:00  Stalker x2  
  18  2:01  Warp Gate  
  28  2:06  Probe  
  29  2:08  Pylon  
  29  2:27  Stargate  
  29  2:33  Stalker  
  31  2:40  Probe  
  31  2:42  Stalker  
  33  3:02  Nexus  
  33  3:06  Probe  
  34  3:13  Phoenix (Chrono Boost)  
  34  3:18  Probe  
  37  3:26  Pylon  
  37  3:31  Phoenix  
  39  3:44  Probe  
  40  3:49  Stalker x2  
  44  3:56  Probe  
  45  4:06  Robotics Facility  
  45  4:09  Probe  
  46  4:15  Pylon  
  46  4:17  Probe  
  47  4:21  Probe  
  48  4:26  Phoenix  
  50  4:32  Probe (Chrono Boost)  
  50  4:33  Probe (Chrono Boost)  
  52  4:45  Forge, Probe x2 (Chrono Boost)  
  54  4:49  Assimilator  
  54  4:51  Assimilator  
  54  4:54  Probe x2 (Chrono Boost)  
  54  4:55  Observer (Chrono Boost)  
  54  4:59  Pylon  
  57  5:00  Sentry  
  57  5:01  Probe  
  57  5:03  Probe  
  61  5:11  Immortal (Chrono Boost)  
  65  5:16  Probe  
  65  5:19  Probe  
  67  5:23  Protoss Ground Weapons Level 1 (Chrono Boost)  
  67  5:28  Probe  
  68  5:31  Probe  
  69  5:40  Probe  
  70  5:43  Observer  
  70  5:46  Probe, Gateway x2  
  70  5:49  Pylon  
  72  5:52  Probe  
  73  6:04  Immortal (Chrono Boost)  
  73  6:06  Gateway  
  73  6:08  Gateway  
  73  6:10  Probe x2  
  79  6:25  Nexus  
  79  6:27  Probe x2  
  81  6:39  Twilight Council  
  81  6:40  Warp Prism (Chrono Boost)  
  81  6:46  Pylon  
  83  6:48  Probe x2  
  83  6:49  Observer  
  85  7:04  Pylon, Zealot x4  
  93  7:10  Observer  
  93  7:15  Probe  
  94  7:17  Charge, Dark Shrine  
  94  7:19  Templar Archives  
  94  7:22  Assimilator  
  94  7:26  Assimilator  
  94  7:32  Probe x2, Observer  
  95  7:44  Probe x2  
  95  7:49  Immortal  
  101  7:55  Probe  
  101  8:00  High Templar x6  
  101  8:04  Pylon, Archon x2  
  101  8:05  Archon  
  113  8:09  Pylon, Shield Battery  
  113  8:10  Pylon  
  113  8:18  Shield Battery  
  113  8:24  Protoss Ground Weapons Level 2 (Chrono Boost)  
  113  8:39  Zealot, Dark Templar x2  
  113  8:40  Zealot  
  121  8:41  Zealot x2  
  121  8:42  Probe x2  
  121  8:45  Gateway  
  121  8:46  Probe, Gateway  
  128  8:52  Robotics Bay  
  128  8:53  Robotics Facility  
  128  8:57  Photon Cannon  
  128  9:15  Phoenix  
  124  9:17  Zealot x3, Dark Templar x2  
  124  9:18  Zealot  
  124  9:19  Immortal  
  140  9:29  Photon Cannon  
  140  9:31  Photon Cannon  
  140  9:33  Photon Cannon  
  140  9:39  Archon  
  140  9:49  Pylon  
  140  9:54  Blink (Chrono Boost)  
  140  10:00  Extended Thermal Lance  
  140  10:05  Colossus (Chrono Boost)  
  140  10:13  Nexus  
  146  10:15  Pylon  
  146  10:20  Archon  
  146  10:26  Pylon  
  146  10:29  Pylon, Assimilator  
  146  10:31  Pylon, Photon Cannon, Colossus (Chrono Boost)  
  152  10:37  Dark Templar x2  
  152  10:40  Pylon  
  156  10:45  Photon Cannon  
  156  10:46  Zealot x2, High Templar x2, Shield Battery  
  164  10:50  Archon  
  164  10:53  Zealot x2  
  164  10:54  Archon  
  169  10:58  Observer (Chrono Boost)  
  169  11:10  Dark Templar x2  
  173  11:14  Zealot x3  
  173  11:15  Zealot  
  181  11:22  Pylon  
  181  11:24  Pylon  
  167  11:41  Zealot x6  
  151  12:01  Observer  
  129  12:06  Zealot x8  
  129  12:07  Probe  
Show
View Real Time Build Order
Export as new Build Order

ShoWTimE Protoss 

Build Orders: Oracle Opening, Zealot Archon 

Get SALT Encoding   

  12  0:00  Probe  
  13  0:12  Probe  
  14  0:17  Pylon  
  14  0:24  Probe (Chrono Boost)  
  15  0:36  Probe (Chrono Boost)  
  15  0:37  Gateway  
  16  0:44  Probe (Chrono Boost)  
  16  0:46  Assimilator  
  17  0:51  Probe  
  17  0:54  Assimilator  
  18  1:03  Probe (Chrono Boost)  
  19  1:09  Gateway  
  19  1:13  Probe (Chrono Boost)  
  20  1:18  Probe (Chrono Boost)  
  20  1:25  Cybernetics Core  
  21  1:29  Probe  
  22  1:34  Pylon  
  22  1:41  Probe  
  23  1:53  Probe  
  24  2:04  Stargate, Stalker  
  24  2:08  Warp Gate  
  26  2:16  Shield Battery  
  26  2:20  Stalker  
  28  2:25  Pylon  
  28  2:44  Oracle (Chrono Boost)  
  31  2:57  Nexus  
  30  2:59  Probe  
  31  3:08  Robotics Facility  
  31  3:12  Probe (Chrono Boost)  
  32  3:22  Pylon  
  32  3:24  Probe (Chrono Boost)  
  33  3:30  Probe (Chrono Boost)  
  34  3:38  Probe  
  35  3:42  Twilight Council  
  32  3:50  Probe, Shield Battery  
  33  3:57  Stalker x2  
  38  4:05  Probe (Chrono Boost)  
  38  4:09  Probe (Chrono Boost)  
  39  4:16  Blink (Chrono Boost)  
  40  4:18  Probe (Chrono Boost)  
  40  4:19  Probe (Chrono Boost)  
  41  4:27  Probe (Chrono Boost)  
  41  4:28  Probe (Chrono Boost)  
  42  4:34  Stalker  
  42  4:35  Probe (Chrono Boost)  
  42  4:37  Probe (Chrono Boost)  
  45  4:39  Stalker  
  45  4:41  Probe  
  48  4:47  Probe  
  49  4:53  Probe  
  49  4:59  Probe  
  51  5:01  Pylon  
  51  5:05  Probe  
  52  5:07  Nexus  
  52  5:11  Probe  
  52  5:12  Pylon  
  53  5:17  Probe  
  53  5:23  Probe  
  53  5:25  Stalker, Sentry  
  58  5:29  Probe  
  58  5:33  Assimilator  
  58  5:35  Probe  
  58  5:37  Phoenix, Assimilator  
  58  5:41  Probe  
  60  5:43  Forge  
  60  5:48  Probe  
  61  5:52  Pylon  
  61  5:53  Probe  
  62  5:58  Gateway x2  
  62  6:00  Probe  
  63  6:06  Probe  
  63  6:10  Protoss Ground Weapons Level 1 (Chrono Boost), Gateway  
  64  6:12  Probe  
  64  6:13  Gateway  
  64  6:14  Charge  
  65  6:22  Probe x2  
  67  6:26  Robotics Facility  
  67  6:27  Probe  
  68  6:34  Probe, Gateway  
  68  6:35  Probe  
  70  6:40  Templar Archives  
  70  6:44  Gateway  
  70  6:46  Probe  
  71  6:51  Zealot, Pylon  
  73  6:55  Sentry  
  75  7:02  Shield Battery  
  75  7:03  Pylon  
  75  7:10  Phoenix  
  75  7:11  Zealot x5  
  75  7:13  Probe  
  75  7:14  Observer (Chrono Boost)  
  88  7:15  Probe  
  88  7:16  Probe  
  89  7:23  Pylon  
  89  7:29  High Templar x2  
  93  7:33  Archon  
  93  7:37  High Templar x2  
  93  7:38  Probe x3  
  93  7:41  Pylon  
  93  7:42  Archon  
  93  7:43  Pylon  
  93  7:44  Zealot x4  
  108  7:48  Phoenix  
  108  7:50  Probe x3  
  111  7:52  Pylon  
  111  7:54  Assimilator, Protoss Ground Weapons Level 2 (Chrono Boost)  
  111  7:58  Assimilator  
  109  8:02  Probe  
  109  8:04  Immortal  
  114  8:07  Probe  
  114  8:08  Probe  
  114  8:11  High Templar x2  
  120  8:17  Archon  
  120  8:25  Photon Cannon  
  120  8:30  Robotics Bay  
  120  8:34  Robotics Facility  
  120  8:35  Photon Cannon  
  120  8:36  Photon Cannon  
  120  8:41  Zealot  
  120  8:42  Zealot x4  
  120  8:45  Observer  
  130  9:04  Nexus  
  130  9:06  Stalker x3, Pylon  
  130  9:07  Probe  
  130  9:08  Probe  
  130  9:09  Probe  
  137  9:22  Colossus (Chrono Boost)  
  143  9:28  Extended Thermal Lance  
  143  9:30  Colossus (Chrono Boost)  
  149  9:36  Pylon  
  149  9:37  Pylon  
  149  9:43  Stargate  
  149  9:45  Pylon  
  149  9:55  Photon Cannon  
  149  9:58  Photon Cannon  
  149  10:01  Probe x3  
  149  10:04  Assimilator  
  152  10:09  Assimilator, Colossus (Chrono Boost)  
  152  10:14  Colossus (Chrono Boost)  
  158  10:20  Photon Cannon  
  158  10:21  Phoenix  
  164  10:23  Probe x3  
  164  10:24  Probe  
  164  10:28  Phoenix  
  170  10:32  Photon Cannon  
  170  10:34  Pylon  
  170  10:42  Pylon  
  170  10:45  Pylon  
  170  10:47  Shield Battery  
  170  10:50  Photon Cannon  
  170  10:52  Colossus (Chrono Boost)  
  170  10:53  Phoenix (Chrono Boost)  
  178  10:59  Warp Prism (Chrono Boost)  
  180  11:12  Dark Shrine  
  180  11:13  Probe x2  
  180  11:15  Phoenix (Chrono Boost), Photon Cannon  
  184  11:29  Pylon  
  184  11:31  Zealot x8  
  133  11:51  Zealot x5  
  133  11:52  Zealot x2  
  122  12:08  Zealot  
  108  12:12  Zealot x2  
  83  12:16  Zealot x5  
Tags
 
Add a new tag
Caveats
  • Supply blocks, unpowered buildings, or Contaminate may cause inaccurate times.
  • Supply counts are checked every 10 seconds.